 Dungeon Crawl Stone Soup version 0.20.0-7-g3b7b877 (webtiles) character file.

243 Letos the Cudgeler (level 6, -7/37 HPs)
             Began as a Gargoyle Fighter on May 28, 2017.
             Killed by divine providence
             ... invoked by an orc priest
              (15 damage)
             ... on level 3 of the Dungeon.
             The game lasted 00:01:41 (1674 turns).

Letos the Cudgeler (Gargoyle Fighter)               Turns: 1674, Time: 00:01:42

Health: -7/37      AC: 11    Str: 19    XL:     6   Next: 9%
Magic:  6/6        EV:  9    Int:  9    God:
Gold:   91         SH:  0    Dex: 11    Spells: 5/5 levels left

rFire    . . .     SeeInvis .   a - +0 flail
rCold    . . .     Gourm    .   (no shield)
rNeg     + . .     Faith    .   b - +0 scale mail
rPois    ∞         Spirit   .   (no helmet)
rElec    +         Reflect  .   (no cloak)
rCorr    .         Harm     .   (no gloves)
MR       .....                  (no boots)
Stlth    ..........             (no amulet)
Regen    0.2/turn               (no ring)
MPRegen  0.1/turn               (no ring)

@: no status effects
A: negative energy resistance 1, electricity resistance, unbreathing,
petrification resistance, rot immunity, AC +4
a: no special abilities


You were on level 3 of the Dungeon.
You were not hungry.

You visited 1 branch of the dungeon, and saw 3 of its levels.

You collected 91 gold pieces.

Inventory:

Hand Weapons
 a - a +0 flail (weapon)
Armour
 b - a +0 scale mail (worn)
 c - a +0 shield
Scrolls
 d - 2 scrolls of teleportation {unknown}
 e - 3 scrolls of remove curse {unknown}
 j - 2 scrolls of recharging {unknown}
 n - a scroll of identify {unknown}
Potions
 g - a potion of haste {unknown}
 k - a potion of cancellation {unknown}
 l - a potion of degeneration {unknown}
 p - a potion of might
Comestibles
 f - a bread ration
 h - a royal jelly
 i - a meat ration
 m - 4 fruits
 o - 3 chunks of flesh


   Skills:
 - Level 3.2 Fighting
 * Level 6.2 Maces & Flails
 - Level 3.2 Armour
 - Level 3.2 Shields


You had 5 spell levels left.
You didn't know any spells.

Dungeon Overview and Level Annotations

Branches:
Dungeon (3/15)

Altars:


Innate Abilities, Weirdness & Mutations

You are resistant to torment.
Your stone body is resilient. (AC +4)
You are immune to poison.
You resist negative energy. (rN+)
You are resistant to electric shocks. (rElec)
You can survive without breathing.
You are immune to petrification.
You are immune to rotting.


Message History

The worm bites you.
* * * LOW HITPOINT WARNING * * *
Things that are here:
a falchion; a scale mail; an orc corpse You hit the orc priest.
The orc priest is lightly wounded.
The orc priest hits you but does no damage.
The orc hits you but does no damage.
You hit the orc priest.
The orc priest is moderately wounded.
The orc priest closely misses you. The orc hits you.
* * * LOW HITPOINT WARNING * * *
You hit the orc priest.
The orc priest is heavily wounded.
The orc priest closely misses you. The orc closely misses you.
You hit the orc priest.
The orc priest is severely wounded.
The orc priest invokes the aid of Beogh against you.
Beogh smites you!
You die...

#..oo...#
#.ow....#
#.o..S..# ###.#
#...# #.#.# #o#.#
#... ###o..#
#.... ###.@ow##
..... #...##.#
.....# ##.####.#
...... ##..# ..#
.....###.>#....##
#.....##(####
##<...# .#
#..##..#.#
##)####...#


You could see a worm, an orc priest and 2 orcs.

Vanquished Creatures
  Sigmund (D:2)
  4 adders
  A worm (D:3)
  3 dart slugs
  A leopard gecko (D:1)
  2 orcs (D:3)
  2 giant cockroaches (D:1)
  5 goblins
  4 hobgoblins
  2 kobolds
  A ball python (D:2)
  2 bats (D:1)
  5 frilled lizards
  5 rats
38 creatures vanquished.

Notes
Turn   | Place    | Note
-------+----------+-------------------------------------------
     0 | D:1      | Letos the Gargoyle Fighter began the quest for the Orb.
     0 | D:1      | Reached XP level 1. HP: 14/14 MP: 1/1
   282 | D:1      | Reached XP level 2. HP: 17/19 MP: 2/2
   353 | D:1      | Reached skill level 3 in Maces & Flails
   942 | D:2      | Reached XP level 3. HP: 22/23 MP: 3/3
  1048 | D:2      | Noticed Sigmund
  1057 | D:2      | Killed Sigmund
  1057 | D:2      | Reached skill level 5 in Maces & Flails
  1057 | D:2      | Reached XP level 4. HP: 28/28 MP: 4/4
  1057 | D:2      | Reached XP level 5. HP: 32/32 MP: 5/5
  1544 | D:3      | Reached skill level 6 in Maces & Flails
  1547 | D:3      | Reached XP level 6. HP: 31/37 MP: 6/6
  1674 | D:3      | Killed from afar by an orc priest

Skill      XL: |  1  2  3  4  5 |
---------------+----------------+-----
Maces & Flails | 3 5 6 |  6.2
Fighting       | |  3.2
Armour         | |  3.2
Shields        | |  3.2

Action                   |  1- 3 |  4- 6 || total
-------------------------+-------+-------++-------
Melee: Flail             |   106 |    81 ||   187
  Use: Potion            |     1 |       ||     1
  Eat: Chunk             |       |     3 ||     3
Armor: Scale mail        |    81 |    53 ||   134
Dodge: Dodged            |    60 |    32 ||    92
